 Dungeon Crawl Stone Soup version 0.31-a0-229-g1fc7ce93e2 (webtiles) character file.

Game seed: 385670995955133988

8403 qw the Skirmisher (level 11, -6/99 HPs)
             Began as a Minotaur Hexslinger on July 6, 2023.
             Was an Elder of Okawaru.
             Mangled by a komodo dragon (17 damage)
             ... on level 1 of the Lair of Beasts.
             The game lasted 00:02:39 (7403 turns).

qw the Skirmisher (Minotaur Hexslinger)             Turns: 7403, Time: 00:02:39

Health: -6/99      AC: 13    Str: 14    XL:     11   Next: 9%
Magic:  13/13      EV: 18    Int: 10    God:    Okawaru [****..]
Gold:   415        SH:  0    Dex: 16    Spells: 11/12 levels left

rFire   . . .        i - +27 heavy crossbow "Sniper" {heavy, Acc+∞ SInv}
rCold   . . .        (shield currently unavailable)
rNeg    . . .        s - +0 steam dragon scales
rPois   +            (helmet restricted)
rElec   .            k - +0 cloak
rCorr   .            b - +0 pair of gloves
SInv    +            (no boots)
Will    .....        q - amulet of faith
Stlth   +++          p - ring of poison resistance
HPRegen 0.36/turn    c - +4 ring of protection
MPRegen 0.13/turn

%: faith
@: about to teleport, heroic
A: horns 2, retaliatory headbutt
a: Renounce Religion, Heroism, Finesse


You were on level 1 of the Lair of Beasts.
You worshipped Okawaru.
Okawaru was greatly pleased with you.
You visited 3 branches of the dungeon, and saw 11 of its levels.

You collected 478 gold pieces.
You spent 63 gold pieces at shops.


Innate Abilities, Weirdness & Mutations

You have a pair of horns on your head.
You reflexively headbutt those who attack you in melee.


   Skills:
 + Level 9.9(14.9) Fighting
 - Level 14.0(19.0) Ranged Weapons
 - Level 4.1(9.1) Armour
 - Level 6.3(11.3) Dodging
 - Level 1.0 Spellcasting
 - Level 2.0 Hexes
 + Level 4.7 Invocations


You had 11 spell levels left.
You knew the following spells:

 Your Spells              Type           Power      Damage    Failure   Level
a - Slow                  Hex            16%        N/A       16%         1

Your spell library contained the following spells:

 Spells                   Type           Power      Damage    Failure   Level
 Inner Flame              Hex/Fire       2%         N/A       56%         3
 Portal Projectile        Hex/Tloc       4%         N/A       56%         3
 Cause Fear               Hex            2%         N/A       83%         4

Inventory:

Hand Weapons
 i - the +27 heavy crossbow "Sniper" (weapon) {heavy, Acc+∞ SInv}
   (You found it on level 6 of the Dungeon)

   Acc+∞: It never misses its target.
   SInv:      It lets you see invisible.
Armour
 b - a +0 pair of gloves (worn)
 k - a +0 cloak (worn)
 s - +0 steam dragon scales (worn)
Jewellery
 c - a +4 ring of protection (right hand)
 l - a +6 ring of strength
 p - a ring of poison resistance (left hand)
 q - an amulet of faith (around neck)
Scrolls
 a - a scroll of teleportation
 h - 3 scrolls of identify
 j - a scroll of enchant weapon
Potions
 e - 3 potions of might
 g - 3 potions of curing
 m - a potion of resistance
 n - a potion of attraction {unknown}
 o - 2 potions of enlightenment
 r - a potion of heal wounds {unknown}

Dungeon Overview and Level Annotations

Branches:
Dungeon (9/15)             Temple (1/1) D:6            Lair (1/5) D:9
    Orc (0/2) D:9

Altars:
Cheibriados
Dithmenos
Elyvilon
Fedhas
Gozag
Hepliaklqana
Kikubaaqudgha
Makhleb
Nemelex Xobeh
Okawaru
Qazlal
Ru
Sif Muna
Trog
Uskayaw
Vehumet
Wu Jian
Xom
Zin
The Shining One

Shops:
D:4 *

Portals:
Volcano: Lair:1


Message History

The yak bellows! x3
The bolt hits the yak!!!!
You kill the yak!
Okawaru accepts your kill. The yak gores you but does no damage.
You shoot a bolt. The bolt hits the yak!!!
You kill the yak!
Okawaru accepts your kill.
The water moccasin bites you but does no damage.
A cane toad comes into view.
The water moccasin bites you but does no damage.
The yak barely misses you. You furiously retaliate!
You headbutt the yak. The water moccasin closely misses you.
You furiously retaliate!
You headbutt the water moccasin. You shoot a bolt.
The cane toad gives a loud, deep croak!
The bolt hits the water moccasin!!
You kill the water moccasin!
Okawaru accepts your kill. The komodo dragon bites you!! The yak gores you!
The komodo dragon bites you! The yak gores you but does no damage.
The komodo dragon bites you! The yak gores you but does no damage.
You shoot a bolt. The bolt hits the yak!!
The yak is heavily wounded.
The komodo dragon barely misses you. The yak completely misses you.
The yak gores you! x2; The komodo dragon barely misses you.
The yak misses you. The yak barely misses you. You furiously retaliate!
You headbutt the yak! You shoot a bolt. The bolt hits the yak!!!!
You kill the yak!
Okawaru accepts your kill. The komodo dragon closely misses you.
You furiously retaliate!
You headbutt the komodo dragon! The yak closely misses you.
The yak gores you but does no damage. The yak barely misses you.
The komodo dragon bites you!! The yak completely misses you.
You furiously retaliate!
You headbutt the yak. The yak misses you. x2
7403 ||| READING 2 scrolls of teleportation.
As you read the scroll of teleportation, it crumbles to dust.
You feel strangely unstable. The komodo dragon bites you!
You die...

## ##..#
###........ ..
#..###.#........
..
................
..
................
..
................
..
....)...........
##
####.P##........
#####.Y..%... .
#%@lF..... ~
##YY...... #
#........
.........
P........
##........
#.....%..
#........


You could see a komodo dragon, 3 yaks and a cane toad.

Vanquished Creatures
  A rakshasa (D:9)
  2 cane toads (Lair:1)
  A troll (D:9)
  4 hornets
  5 blink frogs (Lair:1)
  A shadow (D:9)
  4 yaks (Lair:1)
  2 steam dragons (D:9)
  2 water moccasins (Lair:1)
  An orc warrior (D:9)
  3 ice beasts
  4 black bears
  A sky beast (D:6)
  5 wolves
  6 centaurs
  2 phantoms
  3 bullfrogs
  3 scorpions
  2 gnoll sergeants
  3 killer bees (D:7)
  8 electric eels
  3 howler monkeys
  4 jellies
  2 gnoll boudas
  4 orc priests
  12 hounds
  A sleepcap (D:5)
  2 iguanas
  2 orc wizards
  20 gnolls
  8 adders
  A shadow imp (D:5)
  2 white imps
  An ufetubus (D:5)
  4 worms
  3 dart slugs
  19 orcs
  4 ball pythons
  9 endoplasms
  A giant cockroach (D:4)
  7 goblins
  3 hobgoblins
  10 jackals
  3 quokkas
  4 bats
  3 frilled lizards
  8 kobolds
  5 rats
208 creatures vanquished.

Notes
Turn   | Place    | Note
-------+----------+-------------------------------------------
     0 | D:1      | qw the Minotaur Hexslinger began the quest for the Orb.
     0 | D:1      | Reached XP level 1. HP: 16/16 MP: 1/1
     0 | D:1      | 0 ||| qw: Version: 0.3-a-46-gb1f654a
     0 | D:1      | 0 ||| qw: Game counter: 1675
     0 | D:1      | 0 ||| qw: Melee chars always use a shield: true
     0 | D:1      | 0 ||| qw: God list: Okawaru
     0 | D:1      | 0 ||| qw: Allow faded altars: false
     0 | D:1      | 0 ||| qw: Do Orc after clearing Dungeon:15 true
     0 | D:1      | 0 ||| qw: Do second Lair branch before Depths: true
     0 | D:1      | 0 ||| qw: Lair rune preference: random
     0 | D:1      | 0 ||| qw: Goals: Normal
     0 | D:1      | 0 ||| PLANNING D:1-11
    96 | D:1      | Reached skill level 3 in Ranged Weapons
    98 | D:1      | Reached XP level 2. HP: 23/23 MP: 2/2
   552 | D:1      | 552 ||| UPGRADING to +0 ring mail.
   562 | D:1      | 562 ||| DROPPING +0 robe.
   563 | D:1      | 563 ||| READING scroll labelled BUGIEDD OCAEH.
   564 | D:1      | 564 ||| READING scroll labelled XUYPOU GIMA.
   567 | D:1      | 567 ||| DRINKING 2 inky potions.
   568 | D:1      | 568 ||| DROPPING scroll of poison.
   662 | D:2      | Reached XP level 3. HP: 29/29 MP: 3/3
   705 | D:2      | Reached skill level 4 in Ranged Weapons
   712 | D:2      | Reached skill level 1 in Armour
   885 | D:2      | Reached XP level 4. HP: 36/36 MP: 4/4
  1045 | D:2      | 1045 ||| UPGRADING to +4 ring of protection.
  1046 | D:2      | 1046 ||| READING scroll labelled NOIMUD ZULIP.
  1047 | D:2      | 1047 ||| READING scroll labelled SOTEXT NUGO.
  1048 | D:2      | 1048 ||| DRINKING 2 white potions.
  1533 | D:2      | 1533 ||| UPGRADING to +6 ring of strength.
  1534 | D:2      | 1534 ||| READING scroll labelled LAIZUE JE REO.
  1534 | D:2      | Identified a scroll of acquirement
  1534 | D:2      | 1534 ||| ACQUIRING +6 orcbow
  1534 | D:2      | Acquired a +6 orcbow
  1536 | D:2      | 1536 ||| SWAPPING to +6 orcbow.
  1537 | D:2      | 1537 ||| DROPPING +1 heavy sling.
  1708 | D:3      | Reached skill level 5 in Ranged Weapons
  1714 | D:3      | Reached XP level 5. HP: 44/44 MP: 5/5
  1719 | D:3      | Reached skill level 3 in Fighting
  1788 | D:3      | Found a hazy altar of Hepliaklqana.
  2245 | D:3      | 2245 ||| DROPPING ring of wizardry.
  2246 | D:3      | 2246 ||| READING 2 scrolls labelled PUD WECECELIMIN.
  2247 | D:3      | 2247 ||| READING scroll labelled HESHRO TOSK.
  2248 | D:3      | 2248 ||| READING scroll labelled TEZXE OMEQO.
  2278 | D:4      | Identified the +1 leather armour "Caasyuha" {-Tele +Inv
                  | Int+5 Stlth+}
  2313 | D:4      | Found Ohume's Neck Hole.
  2321 | D:4      | 2321 ||| BUYING +0 cloak (63 gold).
  2321 | D:4      | Bought a +0 cloak for 63 gold pieces
  2321 | D:4      | 2321 ||| SHOPLISTING +1 cloak of a sewer {Dex+5 Slay-6}
                  | (133 gold, have 115).
  2321 | D:4      | 2321 ||| SHOPLISTING amulet of reflection (420 gold, have
                  | 115).
  2321 | D:4      | 2321 ||| SHOPLISTING amulet of regeneration (420 gold, have
                  | 115).
  2321 | D:4      | 2321 ||| SHOPLISTING amulet of the acrobat (420 gold, have
                  | 115).
  2329 | D:4      | Noticed a black bear
  2330 | D:4      | Noticed a black bear
  2336 | D:4      | Killed a black bear
  2337 | D:4      | Reached skill level 6 in Ranged Weapons
  2337 | D:4      | Reached XP level 6. HP: 42/51 MP: 6/6
  2396 | D:4      | Found a bloodstained altar of Trog.
  2439 | D:4      | 2439 ||| READING scroll of brand weapon.
  2439 | D:4      | 2439 ||| BRANDING +7 orcbow.
  2543 | D:4      | 2543 ||| READING scroll of brand weapon.
  2543 | D:4      | 2543 ||| BRANDING +7 orcbow of flaming.
  2659 | D:4      | 2659 ||| Stepping ~*~*~tactically~*~*~ (outnumbered).
  2664 | D:4      | 2664 ||| Stepping ~*~*~tactically~*~*~ (outnumbered).
  2666 | D:4      | Reached skill level 7 in Ranged Weapons
  2673 | D:4      | 2673 ||| FLEEEEING.
  2674 | D:4      | 2674 ||| FLEEEEING.
  2675 | D:4      | 2675 ||| FLEEEEING.
  2676 | D:4      | 2676 ||| FLEEEEING.
  2677 | D:4      | 2677 ||| FLEEEEING.
  2678 | D:4      | 2678 ||| FLEEEEING.
  2679 | D:4      | 2679 ||| FLEEEEING.
  2680 | D:4      | 2680 ||| FLEEEEING.
  2681 | D:4      | 2681 ||| FLEEEEING.
  2682 | D:4      | 2682 ||| FLEEEEING.
  2683 | D:4      | 2683 ||| FLEEEEING.
  2684 | D:4      | 2684 ||| FLEEEEING.
  2685 | D:4      | 2685 ||| FLEEEEING.
  2686 | D:4      | 2686 ||| FLEEEEING.
  2687 | D:4      | 2687 ||| FLEEEEING.
  2688 | D:4      | 2688 ||| FLEEEEING.
  2689 | D:4      | 2689 ||| FLEEEEING.
  2690 | D:4      | 2690 ||| FLEEEEING.
  2691 | D:4      | 2691 ||| FLEEEEING.
  2692 | D:4      | 2692 ||| FLEEEEING.
  2693 | D:4      | 2693 ||| FLEEEEING.
  2694 | D:4      | 2694 ||| FLEEEEING.
  2695 | D:4      | 2695 ||| FLEEEEING.
  2696 | D:4      | 2696 ||| FLEEEEING.
  2697 | D:4      | 2697 ||| FLEEEEING.
  2698 | D:4      | 2698 ||| FLEEEEING.
  2699 | D:4      | 2699 ||| FLEEEEING.
  2700 | D:4      | 2700 ||| FLEEEEING.
  2701 | D:4      | 2701 ||| FLEEEEING.
  2846 | D:4      | Reached XP level 7. HP: 59/59 MP: 7/7
  2853 | D:4      | Found a burning altar of Makhleb.
  3037 | D:4      | 3037 ||| UPGRADING to +0 cloak.
  3042 | D:4      | 3042 ||| UPGRADING to amulet of faith.
  3047 | D:4      | 3047 ||| UPGRADING to ring of poison resistance.
  3049 | D:4      | 3049 ||| UPGRADING to +4 ring of protection.
  3051 | D:4      | 3051 ||| READING scroll labelled FEFACE EBRODD.
  3152 | D:4      | 3152 ||| READING scroll labelled FUSSO LOAVVIO.
  3153 | D:4      | 3153 ||| DRINKING 2 orange potions.
  3154 | D:4      | 3154 ||| READING 2 scrolls of identify.
  3154 | D:4      | 3154 ||| IDENTIFYING smoky amethyst potion
  3155 | D:4      | 3155 ||| DROPPING potion of invisibility.
  3158 | D:5      | Entered Level 5 of the Dungeon
  3193 | D:5      | 3193 ||| FLEEEEING.
  3194 | D:5      | 3194 ||| FLEEEEING.
  3195 | D:5      | 3195 ||| FLEEEEING.
  3196 | D:5      | 3196 ||| FLEEEEING.
  3197 | D:5      | 3197 ||| FLEEEEING.
  3270 | D:5      | Reached skill level 8 in Ranged Weapons
  3496 | D:5      | Reached skill level 9 in Ranged Weapons
  3496 | D:5      | Reached XP level 8. HP: 56/68 MP: 8/8
  3568 | D:5      | 3568 ||| FLEEEEING.
  3569 | D:5      | 3569 ||| FLEEEEING.
  3570 | D:5      | 3570 ||| FLEEEEING.
  3581 | D:5      | Reached skill level 6 in Fighting
  3890 | D:5      | Reached skill level 3 in Dodging
  4001 | D:5      | 4001 ||| READING scroll labelled FUANER EKLE.
  4002 | D:5      | 4002 ||| READING 3 scrolls labelled UMUDWIY MOHO.
  4003 | D:5      | 4003 ||| DROPPING 2 scrolls of fear.
  4025 | D:6      | Found a staircase to the Ecumenical Temple.
  4026 | D:6      | 4026 ||| PLANNING TEMPLE
  4034 | Temple   | Entered the Ecumenical Temple
  4229 | Temple   | 4229 ||| PLANNING D:1-11
  4359 | D:6      | Reached skill level 10 in Ranged Weapons
  4485 | D:6      | Found the +27 heavy crossbow "Sniper" {heavy, Acc+∞ SInv}
  4499 | D:6      | 4499 ||| SWAPPING to +27 heavy crossbow "Sniper" {heavy,
                  | Acc+∞ SInv}.
  4500 | D:6      | 4500 ||| DROPPING +7 orcbow of freezing.
  4663 | D:6      | 4663 ||| UPGRADING to +0 pair of gloves.
  4694 | D:7      | Reached skill level 3 in Armour
  4717 | D:7      | Found a shadowy altar of Dithmenos.
  4879 | D:7      | Found an opulent altar of Gozag.
  4882 | D:7      | Found a shimmering blue altar of Sif Muna.
  4888 | D:7      | Found an iron altar of Okawaru.
  4889 | D:7      | 4889 ||| PLANNING OKAWARU WORSHIP
  4891 | D:7      | Found a radiant altar of Vehumet.
  4893 | D:7      | Became a worshipper of Warmaster Okawaru
  4894 | D:7      | 4894 ||| PLANNING D:1-11
  4896 | D:7      | Found a glowing golden altar of the Shining One.
  5008 | D:7      | Reached XP level 9. HP: 78/79 MP: 9/9
  5181 | D:7      | Reached * piety under Okawaru
  5182 | D:7      | Reached skill level 11 in Ranged Weapons
  5434 | D:7      | 5434 ||| READING scroll labelled CUYSMU RIUGODI.
  5435 | D:7      | 5435 ||| DRINKING 2 glowing clear potions.
  5476 | D:7      | 5476 ||| DROPPING potion of lignification.
  5495 | D:8      | Found a flagged portal.
  5506 | D:8      | Reached skill level 1 in Invocations
  5608 | D:8      | 5608 ||| INVOKING Heroism.
  5776 | D:8      | 5776 ||| INVOKING Heroism.
  5778 | D:8      | Reached skill level 3 in Invocations
  5829 | D:8      | 5829 ||| INVOKING Heroism.
  5896 | D:8      | 5896 ||| INVOKING Heroism.
  6315 | D:9      | Noticed a troll
  6316 | D:9      | 6316 ||| INVOKING Heroism.
  6318 | D:9      | Killed a troll
  6324 | D:9      | Reached skill level 12 in Ranged Weapons
  6325 | D:9      | Reached ** piety under Okawaru
  6328 | D:9      | 6328 ||| STAIRDANCE
  6330 | D:8      | 6330 ||| INVOKING Heroism.
  6416 | D:9      | 6416 ||| INVOKING Heroism.
  6418 | D:9      | Reached XP level 10. HP: 83/88 MP: 9/12
  6425 | D:9      | 6425 ||| FLEEEEING.
  6427 | D:9      | 6427 ||| FLEEEEING.
  6428 | D:9      | 6428 ||| STAIRDANCE
  6439 | D:9      | 6439 ||| STAIRDANCE
  6485 | D:9      | 6485 ||| STAIRDANCE
  6517 | D:9      | 6517 ||| STAIRDANCE
  6519 | D:9      | 6519 ||| STAIRDANCE
  6521 | D:9      | 6521 ||| STAIRDANCE
  6556 | D:9      | 6556 ||| INVOKING Heroism.
  6583 | D:9      | Found a staircase to the Lair.
  6623 | D:9      | 6623 ||| INVOKING Heroism.
  6624 | D:9      | 6624 ||| DROPPING +1 leather armour "Caasyuha" {-Tele +Inv
                  | Int+5 Stlth+}.
  6625 | D:9      | 6625 ||| UPGRADING to +0 steam dragon scales.
  6626 | D:9      | 6626 ||| UPGRADING to +0 steam dragon scales.
  6741 | D:9      | 6741 ||| DROPPING +0 ring mail.
  6745 | D:9      | Found a staircase to the Orcish Mines.
  6893 | D:9      | Noticed a rakshasa
  6895 | D:9      | Killed a rakshasa
  6896 | D:9      | Reached skill level 6 in Dodging
  6916 | D:9      | Reached skill level 13 in Ranged Weapons
  7145 | D:9      | 7145 ||| PLANNING LAIR
  7145 | D:9      | 7145 ||| READING 2 scrolls of identify.
  7145 | D:9      | 7145 ||| IDENTIFYING purple potion
  7161 | Lair:1   | Entered Level 1 of the Lair of Beasts
  7173 | Lair:1   | Reached *** piety under Okawaru
  7175 | Lair:1   | 7175 ||| INVOKING Heroism.
  7179 | Lair:1   | Reached skill level 9 in Fighting
  7182 | Lair:1   | 7182 ||| INVOKING Heroism.
  7252 | Lair:1   | Noticed a cane toad
  7254 | Lair:1   | 7254 ||| INVOKING Heroism.
  7255 | Lair:1   | Killed a cane toad
  7256 | Lair:1   | Reached skill level 14 in Ranged Weapons
  7276 | Lair:1   | 7276 ||| INVOKING Heroism.
  7340 | Lair:1   | Noticed a cane toad
  7341 | Lair:1   | 7341 ||| INVOKING Heroism.
  7343 | Lair:1   | Killed a cane toad
  7343 | Lair:1   | Reached **** piety under Okawaru
  7355 | Lair:1   | Found a dark tunnel.
  7386 | Lair:1   | Reached XP level 11. HP: 97/97 MP: 13/13
  7396 | Lair:1   | 7396 ||| INVOKING Heroism.
  7402 | Lair:1   | HP: 10/99 [komodo dragon (23)]
  7403 | Lair:1   | 7403 ||| READING 2 scrolls of teleportation.
  7403 | Lair:1   | Mangled by a komodo dragon

Levels and vault maps discovered:
D:1:      dpeg_arrival_brainrot, layout_rooms
D:2:      layout_basic, hangedman_glass_teeth, chequers_big_river
D:3:      layout_basic, marbit_many_paths
D:4:      layout_loops_ring, trog_ov_bears_minmay, lemuel_doored_altar,
          nicolae_shop_sticking_my_neck_out
D:5:      layout_basic
D:6:      layout_cave_pools, minmay_temple_entry_slanted
D:7:      layout_basic, nicolae_overflow_hallway_of_the_gods
D:8:      nicolae_moon_pools, layout_loops_ring, enter_bailey_2
D:9:      layout_cave_pools, erik_lair_island, orc_0_dummy, serial_bayou_ford_a,
          minmay_chambers_of_fives
Temple:   minmay_temple_curvy_loop
Lair:1:   layout_gridlike, nicolae_volcano_entry_hallway, nicolae_lair_lil_pond,
          grunt_megastairs_2

Skill      XL: |  1  2  3  4  5  6  7  8  9 10 |
---------------+-------------------------------+-----
Ranged Weapons | 3 4 5 6 7 9 10 12 14 | 14.0
Fighting       | 2 3 4 5 7 8 9 |  9.9
Armour         | 1 2 3 4 |  4.1
Dodging        | 3 4 6 |  6.3
Invocations    | 4 |  4.7
Spellcasting   | |  1.0
Hexes          | |  2.0

Action                     |  1- 3 |  4- 6 |  7- 9 | 10-12 || total
---------------------------+-------+-------+-------+-------++-------
   Fire: Sling             |    85 |     9 |       |       ||    94
         Orcbow            |       |   100 |   120 |       ||   220
         Heavy crossbow    |       |       |    54 |    46 ||   100
 Invoke: Heroism           |       |       |     7 |     8 ||    15
    Use: Scroll            |     2 |     8 |     6 |     2 ||    18
         Potion            |     1 |     1 |     2 |       ||     4
 Armour: Robe              |     1 |       |       |       ||     1
         Ring mail         |    24 |    16 |    73 |    19 ||   132
         Steam dragon scal |       |       |       |    10 ||    10
  Dodge: Dodged            |    43 |    24 |    94 |    64 ||   225

Table legend:
 A = Non-vault XP
 B = Vault XP
 C = Vault XP percentage of total XP
 D = Non-vault monster count
 E = Vault monster count
 F = Vault count percentage of total count
                 A         B        C        D         E       F
            +---------+---------+-------+---------+---------+-------
      Total |    7753 |    4252 |  35.4 |     183 |      25 |  12.0
            +---------+---------+-------+---------+---------+-------
        D:1 |      22 |       2 |   8.3 |      12 |       1 |   7.7
        D:2 |      84 |       0 |   0.0 |      22 |       0 |   0.0
        D:3 |     159 |       1 |   0.6 |      29 |       1 |   3.3
        D:4 |     265 |     259 |  49.4 |      16 |       2 |  11.1
        D:5 |     986 |       0 |   0.0 |      24 |       0 |   0.0
        D:6 |     681 |       0 |   0.0 |      12 |       0 |   0.0
        D:7 |     880 |       0 |   0.0 |      21 |       0 |   0.0
        D:8 |     968 |     196 |  16.8 |      15 |       3 |  16.7
        D:9 |    1467 |    1974 |  57.4 |      20 |       9 |  31.0
     Lair:1 |    2241 |    1820 |  44.8 |      12 |       9 |  42.9
            +---------+---------+-------+---------+---------+-------
